 Dungeon Crawl Stone Soup version 0.31-a0-1300-gb6740aa4e6 (webtiles) character file.

Game seed: 12064239944313463126

248 Pooter the Chopper (level 5, -2/47 HPs)
             Began as a Minotaur Monk on Dec 18, 2023.
             Was a Priest of Lugonu.
             Slain by an iguana (5 damage)
             ... on level 4 of the Dungeon.
             The game lasted 00:10:28 (2161 turns).

Pooter the Chopper (Minotaur Monk)                  Turns: 2161, Time: 00:10:28

Health: -2/47      AC:  8    Str: 18    XL:     5   Next: 86%
Magic:  5/5        EV:  8    Int:  7    God:    Lugonu [***...]
Gold:   173        SH:  0    Dex: 12    Spells: 4/4 levels left

rFire   . . .        a - +1 hand axe
rCold   . . .        d - orb {light}
rNeg    . . .        g - +0 chain mail
rPois   .            (helmet restricted)
rElec   .            (no cloak)
rCorr   .            (no gloves)
SInv    .            (no boots)
Will    .....        (no amulet) Stlth
                     (no ring)
HPRegen 0.27/turn    (no ring)
MPRegen 0.09/turn

%: no passive effects
@: glowing
A: horns 2, retaliatory headbutt
a: Renounce Religion, Depart the Abyss, Banish


You were on level 4 of the Dungeon.
You worshipped Lugonu.
Lugonu was most pleased with you.
You visited 1 branch of the dungeon, and saw 4 of its levels.

You collected 173 gold pieces.

Inventory:

Hand Weapons
 a - a +1 hand axe (weapon)
Missiles
 i - 6 atropa-tipped darts
 p - 7 poisoned darts
 r - 3 boomerangs (quivered)
 Q - 26 stones
Armour
 b - a +0 robe
 d - an orb of light (worn)
 g - a +0 chain mail (worn)
   (You found it on level 1 of the Dungeon)
Jewellery
 o - an amulet of magic regeneration
   (You found it on level 4 of the Dungeon)
Wands
 f - a wand of flame (5)
   (You found it on level 4 of the Dungeon)
Scrolls
 e - a scroll of fog
 j - 3 scrolls of enchant weapon
 k - a scroll of immolation {!r}
 m - 2 scrolls of vulnerability {!r}
 q - 2 scrolls of fear
Potions
 c - a potion of ambrosia
 h - a potion of resistance
 l - 2 potions of enlightenment
 n - a potion of haste {unknown}


   Skills:
 + Level 4.6 Fighting
 * Level 5.5 Axes
 - Level 3.2 Dodging
 * Level 2.8 Stealth
 + Level 2.0 Invocations


You had 4 spell levels left.
You didn't know any spells.
Your spell library was empty.

Dungeon Overview and Level Annotations

Branches:
Dungeon (4/15) Zot: 21825  Temple (0/1) D:4

Altars:
Wu Jian
Lugonu


Innate Abilities, Weirdness & Mutations

You have a pair of horns on your head.
You reflexively headbutt those who attack you in melee.


Message History

Found a scroll labelled QUOHIT BOORU.
i - a scroll of identify {@r1};
p - 7 poisoned darts
Found a stone staircase leading down.
q - a scroll labelled QUOHIT BOORU
As you read the scroll of identify {@r1}, it crumbles to dust.
q - a scroll of fear You open the door.
Found an ornate altar of the Wu Jian Council.
You open the door.
Found 6 atropa-tipped darts.
There is an open door here.
i - 6 atropa-tipped darts You open the door.
There is an open door here.
Found a scroll of fear and a scroll of vulnerability.
q - 2 scrolls of fear (gained 1)
Found an escape hatch in the ceiling.
m - 2 scrolls of vulnerability {!r} (gained 1)
There is an escape hatch in the ceiling here.
Found a gold wand.
Found 12 gold pieces, a maw talisman, a whip and a dagger.
Found 2 potions of degeneration.
f - a wand of flame (5);
r - 3 boomerangs (quivered)
An iguana comes into view.
The iguana hisses angrily.
You see here 12 gold pieces.
The iguana hisses menacingly.
The iguana bites you.
You hit the iguana but do no damage. The iguana bites you!
You hit the iguana but do no damage.
The iguana bites you but does no damage.
You hit the iguana. The iguana bites you!
You are too injured to fight recklessly!
You are too injured to fight recklessly!
You are too injured to fight recklessly!
You hit the iguana but do no damage.
The iguana bites you but does no damage.
You hit the iguana. The iguana bites you.
* * * LOW HITPOINT WARNING * * *
Unknown command.
You barely miss the iguana. Your headbutt misses the iguana.
The iguana bites you!
* * * LOW HITPOINT WARNING * * *
You hit the iguana but do no damage. The iguana bites you!
* * * LOW HITPOINT WARNING * * *
Unknown command.
Press: ? - help, Shift-Dir - straight line, f - iguana
Aim: an iguana (heavily wounded, haloed, chance to affect: 85%)
You fail to use your ability.
The iguana bites you.
You die...

####....###### ###...##
#....###### #......#
#.......... #......#
#.......... #......#
#.......... #......#
###........
#..))..#####........
#..l.....%##.<......
#@......##........
#.......##........
#.......##...#.#.#
######$......###.......
#............####.#....
#......................
#.................#...>
#......#####...........
#...!..# #......#....


You could see an iguana.

Vanquished Creatures
  Sigmund (D:3)
  Terence (D:2)
  An adder (D:2)
  A worm (D:3)
  3 orcs
  4 ball pythons
  3 endoplasms
  2 giant cockroaches
  3 goblins (D:2)
  3 hobgoblins
  6 jackals
  2 quokkas (D:2)
  2 bats
  4 frilled lizards
  2 kobolds (D:2)
  A rat (D:1)
39 creatures vanquished.

Notes
Turn   | Place    | Note
-------+----------+-------------------------------------------
     0 | D:1      | Pooter the Minotaur Monk began the quest for the Orb.
     0 | D:1      | Reached XP level 1. HP: 19/19 MP: 0/0
    17 | D:1      | Found a faded altar of an unknown god.
    74 | D:1      | Prayed at the altar of an unknown god.
    74 | D:1      | Became a worshipper of Lugonu the Unformed
    74 | D:1      | Reached * piety under Lugonu
    74 | D:1      | Reached ** piety under Lugonu
   936 | D:2      | Reached XP level 2. HP: 25/27 MP: 1/1
   955 | D:1      | Reached skill level 4 in Axes
   973 | D:2      | Reached skill level 1 in Stealth
   994 | D:2      | Reached *** piety under Lugonu
  1116 | D:2      | Reached XP level 3. HP: 33/33 MP: 2/2
  1149 | D:2      | Noticed Terence
  1159 | D:2      | Killed Terence
  1160 | D:2      | Reached skill level 1 in Invocations
  1549 | D:3      | Reached XP level 4. HP: 40/40 MP: 3/3
  1672 | D:3      | Noticed Sigmund
  1693 | D:3      | Killed Sigmund
  1694 | D:3      | Reached skill level 5 in Axes
  1694 | D:3      | Reached XP level 5. HP: 34/47 MP: 3/5
  2061 | D:4      | Found a staircase to the Ecumenical Temple.
  2090 | D:4      | Found an ornate altar of the Wu Jian Council.
  2160 | D:4      | HP: 2/47 [iguana (12)]
  2161 | D:4      | Slain by an iguana

Illustrated notes

Levels and vault maps discovered:
D:1:      dreamdust_arrival_beginning_and_end, layout_loops_ring,
          basic_ecumenical_altar, minmay_crystal_water, corexii_hall_statues_l
D:2:      layout_basic, uniq_terence
D:3:      layout_rooms, uniq_sigmund
D:4:      layout_basic, kennysheep_mini_moat, minmay_temple_entry_glass

Skill      XL: |  1  2  3  4  5 |
---------------+----------------+-----
Axes           | 4 5 |  5.5
Stealth        | 1 2 |  2.8
Fighting       | 4 |  4.6
Invocations    | 1 2 |  2.0
Dodging        | |  3.2

Action                     |  1- 3 |  4- 6 || total
---------------------------+-------+-------++-------
  Melee: Hand axe          |    61 |    35 ||    96
         Headbutt          |    15 |     4 ||    19
  Throw: Stone             |     5 |       ||     5
         Boomerang         |       |     1 ||     1
    Use: Scroll            |     3 |     5 ||     8
 Armour: Robe              |     6 |       ||     6
         Chain mail        |    41 |    25 ||    66
  Dodge: Dodged            |    26 |     8 ||    34

Table legend: (Time is in decaauts)
 A = Elapsed time spent in this place.
 B = Non-inter-level travel time spent in this place.
 C = Inter-level travel time spent in this place.
 D = Time resting spent in this place.
 E = Time spent auto-exploring this place.
 F = Levels seen in this place.
 G = Mean time per level.
                   A        B        C        D        E       F      G
               +--------+--------+--------+--------+--------+-----+--------+
         Total |   2173 |   2095 |     78 |      4 |   1662 |   4 |  543.2 |
       Dungeon |   2173 |   2095 |     78 |      4 |   1662 |   4 |  543.2 |
               +--------+--------+--------+--------+--------+-----+--------+

Top non-repeatable levels by time:
     D:1: 936 daAuts
     D:2: 604 daAuts
     D:3: 456 daAuts
     D:4: 177 daAuts
